 Dungeon Crawl Stone Soup version 0.31-a0-239-g0a1456f148 (webtiles) character file.

Game seed: 7643696623346107312

463 qw the Shooter (level 6, -9/53 HPs)
             Began as a Minotaur Hexslinger on July 11, 2023.
             Killed by divine providence
             ... invoked by an orc priest
              (14 damage)
             ... on level 6 of the Dungeon.
             The game lasted 00:01:17 (3028 turns).

qw the Shooter (Minotaur Hexslinger)                Turns: 3028, Time: 00:01:18

Health: -9/53      AC:  7    Str: 12    XL:     6   Next: 79%
Magic:  6/6        EV: 11    Int: 10    God:
Gold:   171        SH:  0    Dex: 15    Spells: 6/7 levels left

rFire   . . .        Y - +2 sling
rCold   . . .        (no shield)
rNeg    . . .        h - +0 ring mail
rPois   .            (helmet restricted)
rElec   .            c - +0 cloak
rCorr   .            j - +0 pair of gloves
SInv    .            (no boots)
Will    +....        (no amulet)
Stlth   +            k - ring of willpower
HPRegen 0.28/turn    (no ring)
MPRegen 0.10/turn

%: no passive effects
@: no status effects
A: horns 2, retaliatory headbutt
a: no special abilities


You were on level 6 of the Dungeon.
You visited 1 branch of the dungeon, and saw 5 of its levels.

You collected 171 gold pieces.


Innate Abilities, Weirdness & Mutations

You have a pair of horns on your head.
You reflexively headbutt those who attack you in melee.


   Skills:
 - Level 4.3 Fighting
 + Level 6.7 Ranged Weapons
 - Level 2.1 Armour
 - Level 2.1 Dodging
 - Level 1.0 Spellcasting
 - Level 2.0 Hexes


You had 6 spell levels left.
You knew the following spells:

 Your Spells              Type           Power      Damage    Failure   Level
a - Slow                  Hex            16%        N/A       32%         1

Your spell library contained the following spells:

 Spells                   Type           Power      Damage    Failure   Level
 Inner Flame              Hex/Fire       2%         N/A       83%         3
 Portal Projectile        Hex/Tloc       4%         N/A       83%         3
 Cause Fear               Hex            2%         N/A       97%         4

Inventory:

Hand Weapons
 Y - a +2 sling (weapon)
Armour
 c - a +0 cloak (worn)
 h - a +0 ring mail (worn)
 j - a +0 pair of gloves (worn)
Jewellery
 k - a ring of willpower (left hand)
Scrolls
 a - a scroll of brand weapon {unknown}
 b - a scroll of identify
Potions
 d - a potion of curing
 f - a potion of ambrosia {unknown}
 g - a potion of lignification {unknown}
 i - a potion of haste {unknown}
 m - a potion of magic {unknown}

Dungeon Overview and Level Annotations

Branches:
Dungeon (6/15)
 Temple: D:4-7

Altars:
Cheibriados
Makhleb
Vehumet

Shops:
D:6 !


Message History

The orc priest misses you. You furiously retaliate!
You headbutt the orc priest. Something completely misses you.
You shoot a sling bullet.
The sling bullet closely misses the orc priest.
The orc priest hits you but does no damage.
Something hits you. x2
A kobold brigand comes into view.
It is wielding a +0 whip and quivering poisoned darts.
The orc priest closely misses you.
You shoot a sling bullet. The kobold brigand shouts!
The sling bullet hits the orc priest but does no damage.
The orc priest is moderately wounded.
The orc priest hits you with a +0 club. Something hits you but does no damage.
You shoot a sling bullet.
The sling bullet closely misses the orc priest.
The orc priest closely misses you. Something hits you but does no damage.
A kobold comes into view. It is wielding a +0 dagger.
You shoot a sling bullet.
The sling bullet barely misses the orc priest.
The orc priest hits you but does no damage.
Something hits you but does no damage.
You shoot a sling bullet.
The sling bullet barely misses the orc priest.
The orc priest hits you with a +0 club. Something hits you.
Something hits you but does no damage.
A kobold comes into view. It is wielding a +0 dagger.
The orc priest calls down the wrath of Beogh upon you.
You resist with some effort.
You shoot a sling bullet.
The sling bullet hits the orc priest but does no damage.
The orc priest is moderately wounded.
A kobold comes into view. It is wielding a +0 club.
The orc priest hits you with a +0 club. Something hits you but does no damage.
You shoot a sling bullet. The kobold shouts!
The sling bullet hits the orc priest.
The orc priest is heavily wounded.
The orc priest invokes the aid of Beogh against you.
Beogh smites you!
You die... ....##....\ KK.......

#........
##.......
##...K...#
......K..
#....o{#
##....)@## #
#....#...# .#
###.....######...
# #.#....#..#...#
#. #...........#
... #..........#
......#..#.#####
.....##.####
........######


You could see a kobold brigand, an orc priest and 3 kobolds.

Vanquished Creatures
  A scorpion (D:3)
  A bullfrog (D:4)
  2 quasits (D:4)
  A hound (D:6)
  Natasha (D:2)
  An orc wizard (D:3)
  3 gnolls (D:3)
  6 adders
  A shadow imp (D:4)
  A white imp (D:4)
  3 worms
  4 dart slugs
  6 orcs
  7 endoplasms
  6 giant cockroaches
  4 goblins
  9 hobgoblins
  3 jackals (D:3)
  4 quokkas
  2 ball pythons (D:2)
  3 bats
  3 frilled lizards
  9 kobolds
  8 rats
89 creatures vanquished.

Notes
Turn   | Place    | Note
-------+----------+-------------------------------------------
     0 | D:1      | qw the Minotaur Hexslinger began the quest for the Orb.
     0 | D:1      | Reached XP level 1. HP: 16/16 MP: 1/1
     0 | D:1      | 0 ||| qw: Version: 0.3-a-52-g30416fa
     0 | D:1      | 0 ||| qw: Game counter: 5943
     0 | D:1      | 0 ||| qw: Melee chars always use a shield: true
     0 | D:1      | 0 ||| qw: God list: Okawaru
     0 | D:1      | 0 ||| qw: Allow faded altars: false
     0 | D:1      | 0 ||| qw: Do Orc after clearing Dungeon:15 true
     0 | D:1      | 0 ||| qw: Do second Lair branch before Depths: true
     0 | D:1      | 0 ||| qw: Lair rune preference: random
     0 | D:1      | 0 ||| qw: Goals: Normal
     0 | D:1      | 0 ||| PLANNING D:1-11
   182 | D:1      | Reached skill level 3 in Ranged Weapons
   194 | D:1      | Reached XP level 2. HP: 11/23 MP: 2/2
   586 | D:1      | Reached XP level 3. HP: 29/29 MP: 3/3
   710 | D:1      | 710 ||| UPGRADING to +0 leather armour.
   720 | D:1      | 720 ||| DROPPING +0 robe.
   721 | D:1      | 721 ||| UPGRADING to +0 ring mail.
   731 | D:1      | 731 ||| DROPPING +0 leather armour.
   732 | D:1      | 732 ||| UPGRADING to +0 pair of gloves.
   737 | D:1      | 737 ||| UPGRADING to ring of willpower.
   738 | D:1      | 738 ||| READING scroll labelled MIK VONOENOE.
   743 | D:1      | 743 ||| READING scroll labelled ASSYCI JANOEG.
   744 | D:1      | 744 ||| READING scroll labelled WIVIRAWNIBACW.
   745 | D:1      | 745 ||| DROPPING scroll of poison.
   995 | D:2      | HP: 7/29 [kobold/+0 whip (1)]
  1106 | D:2      | Reached skill level 4 in Ranged Weapons
  1336 | D:2      | Noticed Natasha
  1343 | D:2      | Killed Natasha
  1344 | D:2      | Reached XP level 4. HP: 22/36 MP: 4/4
  1513 | D:2      | 1513 ||| UPGRADING to +0 cloak.
  1518 | D:2      | 1518 ||| READING scroll labelled TORUABBIEDU.
  1519 | D:2      | 1519 ||| READING 3 scrolls labelled RAYK JUITOTZ.
  1520 | D:2      | 1520 ||| DRINKING 2 fuming sapphire potions.
  1521 | D:2      | 1521 ||| DROPPING potion of invisibility.
  1522 | D:2      | 1522 ||| DROPPING 2 scrolls of vulnerability.
  1548 | D:3      | 1548 ||| STAIRDANCE
  1881 | D:3      | Reached skill level 5 in Ranged Weapons
  1881 | D:3      | Reached XP level 5. HP: 41/41 MP: 5/5
  1948 | D:3      | Found a radiant altar of Vehumet.
  2003 | D:3      | Found a burning altar of Makhleb.
  2081 | D:3      | Reached skill level 3 in Fighting
  2085 | D:3      | HP: 9/45 [gnoll/+0 spear (6)]
  2086 | D:3      | 2086 ||| READING scroll of teleportation.
  2513 | D:3      | 2513 ||| READING scroll labelled PYITHY MESINUGH.
  2614 | D:3      | 2614 ||| READING scroll labelled YBBIORIYRE.
  2615 | D:3      | 2615 ||| READING scroll labelled LUCLAI WINAT.
  2616 | D:3      | 2616 ||| READING 2 scrolls of identify.
  2616 | D:3      | 2616 ||| IDENTIFYING grey potion
  2643 | D:4      | 2643 ||| STAIRDANCE
  2649 | D:3      | Reached skill level 6 in Ranged Weapons
  2649 | D:3      | Reached XP level 6. HP: 34/51 MP: 6/6
  2897 | D:4      | Found a snail-covered altar of Cheibriados.
  2922 | D:4      | You fall into a shaft and drop 2 floors!
  2923 | D:6      | 2923 ||| PLANNING SEWER
  3006 | D:6      | Found Ceosa's Distillery.
  3022 | D:6      | HP: 13/53 [something (2)]
  3026 | D:6      | HP: 6/53 [something (2)]
  3028 | D:6      | Killed from afar by an orc priest

Levels and vault maps discovered:
D:1:      elethiomel_arrival_shortcut, layout_loops_cross,
          minmay_misc_feat_rugged, minmay_pentomino_p2
D:2:      layout_loops_ring, uniq_natasha
D:3:      layout_loops_ring, mainiacjoe_overflow_24_doors,
          mainiacjoe_overflow_tiny_flanked, kennysheep_big_empty_room
D:4:      layout_rooms, cheibriados_altar_1, minmay_overflow_temple_star_quad,
          serial_demonic, serial_demonic_e, serial_demonic_f, serial_demonic_c,
          serial_demonic_c, serial_demonic_a, serial_demonic_e,
          serial_demonic_g, serial_demonic_e, serial_demonic_d,
          serial_demonic_f, minmay_misc_feat_plants, wad_orctagon
D:6:      layout_cave_pools, dk_xom_monty_hall, serial_shops, shop,
          gup_sewer_entry_bowl

Skill      XL: |  1  2  3  4  5  6 |
---------------+-------------------+-----
Ranged Weapons | 3 4 5 6 |  6.7
Fighting       | 2 3 4 |  4.3
Armour         | 2 |  2.1
Dodging        | |  2.1
Spellcasting   | |  1.0
Hexes          | |  2.0

Action                     |  1- 3 |  4- 6 || total
---------------------------+-------+-------++-------
   Fire: Sling             |   118 |   201 ||   319
    Use: Scroll            |     3 |     7 ||    10
         Potion            |       |     1 ||     1
 Armour: Robe              |     6 |       ||     6
         Ring mail         |    15 |    66 ||    81
  Dodge: Dodged            |    26 |    96 ||   122

Table legend:
 A = Non-vault XP
 B = Vault XP
 C = Vault XP percentage of total XP
 D = Non-vault monster count
 E = Vault monster count
 F = Vault count percentage of total count
                 A         B        C        D         E       F
            +---------+---------+-------+---------+---------+-------
      Total |     507 |     155 |  23.4 |      80 |       9 |  10.1
            +---------+---------+-------+---------+---------+-------
        D:1 |      41 |       2 |   4.7 |      22 |       1 |   4.3
        D:2 |      35 |      36 |  50.7 |      17 |       1 |   5.6
        D:3 |     264 |       0 |   0.0 |      31 |       0 |   0.0
        D:4 |     118 |     113 |  48.9 |       6 |       4 |  40.0
        D:6 |      49 |       4 |   7.5 |       4 |       3 |  42.9
            +---------+---------+-------+---------+---------+-------
